 Dungeon Crawl Stone Soup version 0.18.1-50-g88ac8fd (webtiles) character file.

338377 lorenzova the Imperceptible (level 21, -5/90 HPs)
             Began as a Spriggan Enchanter on Oct 8, 2016.
             Was the Champion of Dithmenos.
             Slain by an Executioner (20 damage)
             ... summoned by a deep elf demonologist
             ... led by an ironheart preserver
             ... on level 4 of the Vaults.
             The game lasted 02:56:20 (54607 turns).

lorenzova the Imperceptible (Spriggan Enchanter)   Turns: 54607, Time: 02:56:21

Health: -5/90      AC: 12    Str: 17    XL:     21   Next: 2%
Magic:  41/41      EV: 34    Int: 23    God:    Dithmenos [******]
Gold:   3345       SH: 14    Dex: 24    Spells: 9 memorised, 22 levels left

rFire  x . .     SeeInvis +     Y - +7 captain's cutlass {speed, disarm}
rCold  + . .     Gourm    .     l - +0 robe "Ynlo Uvvi" {rPois MR+ Str+4}
rNeg   . . .     Faith    .     d - +2 buckler "Gecemufeam" {Int+2}
rPois  +         Spirit   .     a - +2 hat
rElec  .         Dismiss  .     E - +2 cloak of Levity {rF- MR+ Str+8 Dex+3}
rCorr  .         Reflect  +     (gloves unavailable)
SustAt .         Harm     .     (boots unavailable)
MR     +++++                    o - +3 amulet of reflection
Stlth  ++++++++++               X - ring "Jahiry" {rC+ Int+2 Stlth+}
                                i - ring of protection from magic

@: wreathed by umbra, deflect missiles, very quick, almost entirely resistant to
hostile enchantments, uncannily stealthy
A: unfitting armour, beak, hooves 1, iridescent scales 1, see invisible, clumsy
1, herbivore 3, speed 3, frail 1, shaggy fur 1, slow metabolism 2
a: Shadow Step, Shadow Form, Renounce Religion
}: 2/15 runes: decaying, gossamer


You were on level 4 of the Vaults.
You worshipped Dithmenos.
Dithmenos was exalted by your worship.
You were full.

You visited 7 branches of the dungeon, and saw 40 of its levels.
You also visited: Labyrinth, Trove and Bailey.

You collected 5190 gold pieces.
You spent 1845 gold pieces at shops.

Inventory:

Hand Weapons
 Y - the +7 captain's cutlass (weapon) {speed, disarm}
   (You found it in a treasure trove)

   Attacks with this weapon are significantly faster.
Armour
 a - a +2 hat (worn)
 d - the +2 buckler "Gecemufeam" (worn) {Int+2}
   (You found it on level 2 of the Lair of Beasts)

   It affects your intelligence (+2).
 l - the +0 robe "Ynlo Uvvi" (worn) {rPois MR+ Str+4}
   (You bought it in a shop on level 2 of the Orcish Mines)

   It affects your strength (+4).
   It protects you from poison.
   It affects your resistance to hostile enchantments.
 E - the +2 cloak of Levity (worn) {rF- MR+ Str+8 Dex+3}
   (You acquired it on level 1 of the Lair of Beasts)

   It affects your strength (+8).
   It affects your dexterity (+3).
   It makes you vulnerable to fire.
   It affects your resistance to hostile enchantments.
 J - a +0 robe of cold resistance
Jewellery
 i - a ring of protection from magic (left hand)
 n - an uncursed ring of flight
 o - a +3 amulet of reflection (around neck)
 C - an uncursed ring of fire
 X - the ring "Jahiry" (right hand) {rC+ Int+2 Stlth+}
   (You found it in a treasure trove)

   [ring of stealth]

   It affects your intelligence (+2).
   It protects you from cold.
   It makes you more stealthy.
Wands
 w - a wand of slowing (19/48)
 G - a wand of iceblast (9/15)
 L - a wand of acid (6/15)
 M - a wand of lightning (7/15)
 O - a wand of lightning (10/15)
 P - a wand of digging (7/24)
Scrolls
 b - 2 scrolls of identify
 g - 11 scrolls of blinking
 k - 3 scrolls of fear
 m - 4 scrolls of enchant armour
 p - 16 scrolls of remove curse
 r - a scroll of torment {unknown}
 t - 9 scrolls of enchant weapon
 u - 4 scrolls of amnesia
 v - 6 scrolls of fog
 y - a scroll of recharging
 A - 3 scrolls of magic mapping
 B - 13 scrolls of teleportation
 Q - 3 scrolls of brand weapon
 S - 2 scrolls of silence
Potions
 e - 3 potions of brilliance
 f - 17 potions of curing
 h - a potion of resistance
 j - 8 potions of heal wounds
 q - 3 potions of agility {unknown}
 x - 6 potions of invisibility {unknown}
 z - 6 potions of flight {unknown}
 D - 2 potions of cancellation
 F - 6 potions of ambrosia
 H - 3 potions of cure mutation
 I - 5 potions of lignification
 N - 5 potions of haste
 U - 2 potions of berserk rage
 V - 2 potions of magic
Books
 K - a book of Necromancy

   Spells                             Type                      Level
   a - Pain                           Necromancy                   1
   b - Animate Skeleton               Necromancy                   1
   c - Vampiric Draining              Necromancy                   3
   d - Regeneration                   Charms/Necromancy            3
   e - Animate Dead                   Necromancy                   4
   f - Control Undead                 Necromancy                   4
 R - a book of Annihilations

   Spells                             Type                      Level
   a - Poison Arrow                   Conjuration/Poison           6
   b - Chain Lightning                Conjuration/Air              8
   c - Lehudib's Crystal Spear        Conjuration/Earth            8
   d - Glaciate                       Conjuration/Ice              9
   e - Fire Storm                     Conjuration/Fire             9
Comestibles
 c - 2 slices of pizza
 s - 5 bread rations


   Skills:
 - Level 7.2 Fighting
 - Level 10.1 Short Blades
 + Level 20.1 Dodging
 + Level 23.0 Stealth
 - Level 7.0 Shields
 - Level 15.3 Spellcasting
 - Level 6.3 Conjurations
 - Level 17.2 Hexes
 - Level 11.2 Charms
 - Level 9.2 Translocations
 - Level 12.7 Air Magic
 - Level 8.3 Poison Magic


You had 22 spell levels left.
You knew the following spells:

 Your Spells              Type           Power        Failure   Level  Hunger
a - Gell's Gravitas       Hex/Tloc       ######....   1%          3    None
b - Ensorcelled Hibernat  Hex/Ice        ######       1%          2    None
c - Confuse               Hex            #######.     0%          3    None
d - Apportation           Tloc           ######....   1%          1    None
e - Deflect Missiles      Chrm/Air       ######....   4%          6    ####...
f - Blink                 Tloc           N/A          1%          2    None
g - Repel Missiles        Chrm/Air       ######       1%          2    None
h - Mephitic Cloud        Conj/Pois/Air  ######..     1%          3    None
i - Invisibility          Hex            #######.     1%          6    ####...


Dungeon Overview and Level Annotations

Branches:
Dungeon (15/15)            Temple (0/1) D:4            Lair (8/8) D:11
  Swamp (4/4) Lair:5       Spider (4/4) Lair:6        Slime (0/6) Lair:8
    Orc (2/2) D:10            Elf (3/3) Orc:2        Vaults (4/5) D:14
  Crypt (0/3) Vaults:2     Depths (0/5) D:15

Altars:
Ashenzari
Dithmenos
Fedhas
Gozag
Kikubaaqudgha
Makhleb
Okawaru
Qazlal
Trog
Vehumet
Yredelemnul
The Shining One
Jiyva
Lugonu

Shops:
D:4 *   Orc:1 :   Orc:2 **%[[   Elf:3 *   Vaults:1 ?[


Innate Abilities, Weirdness & Mutations

You are tiny and cannot use many weapons and most armour.
You have supernaturally acute eyesight.
You are a herbivore.
You cover ground extremely quickly.
You need consume almost no food.
You have a beak for a mouth.
You have large cloven feet.
You are partially covered in iridescent scales (AC +4).
You are clumsy. (Dex -2)
You are frail (-10% HP).
You are covered in fur (AC +1).


Message History

The battlesphere is engulfed in roaring flames.
The Executioner completely misses you. You block the Executioner's attack.
The Executioner completely misses you. The Executioner misses you.
You block the Executioner's attack. The Executioner completely misses you.
The Executioner hits you!
The Executioner completely misses you. x2
There is an open door here.
The Executioner completely misses you. You block the Executioner's attack.
The Executioner completely misses you.
You block the Executioner's attack. x2; The Executioner misses you.
The Executioner completely misses you. You block the Executioner's attack.
The Executioner completely misses you. The Executioner completely misses you.
The Executioner hits you but does no damage.
The Executioner completely misses you.
There is a stone staircase leading up here.
The Executioner hits you!!
* * * LOW HITPOINT WARNING * * *
The Executioner completely misses you. x2; The Executioner hits you!!
You die...

..#.......#......§2§)..§...#...##
..#....<..#.....E(§.§.§....#.....
..#.......#....4.§.§.§.....###...
..#.......#.....§e.....[...###...
..#.......#..§E§p§.........#.....
..#.......#4§.§.§..........###...
..#.......#E#########[...).###...
..#.......#.#.......#......#.....
..##'######§#E.1@...#...(..#...##
............§.......#...[..'...##
............#.......#......######
............#.......#........'...
............#.......#........#...
...........########'####.....#...
...........#......#....#...(.#...
...........#.####.####.#.....#...
...........#.# #...(#.#.....#...


You could see an Executioner and a fire elemental.

Vanquished Creatures
  Arachne (Spider:4)
  3 thorn hunters
  A sphinx (Vaults:3)
  Agnes (Spider:1)
  A tengu reaver (D:15)
  Donald (Spider:1)
  2 frost giants
  10 vault wardens
  4 ghost moths (Spider:4)
  A deep elf sorcerer (Vaults:2)
  A fire giant (Vaults:3)
  Louise (Elf:1)
  The ghost of Philosophy the Protected, a journeyman MiBe of Trog (Lair:8)
  8 emperor scorpions (Spider:4)
  7 ironheart preservers
  5 stone giants
  Nessos (Lair:6)
  4 dire elephants (Lair:8)
  2 deep elf annihilators
  2 deep elf demonologists (Elf:1)
  A spark wasp (Spider:2)
  Snorg (Lair:8)
  A minotaur (Lab)
  2 deep elf death magi
  10 vault guards
  A deep elf high priest (Elf:1)
  3 fire dragons
  2 entropy weavers
  4 ice dragons
  A hell beast (D:14)
  9 yaktaur captains
  A catoblepas (D:14)
  3 ghost crabs
  19 hydras
  5 centaur warriors
  2 anacondas
  19 dancing weapons
  8 alligators
  2 death knights
  A deep troll shaman (Vaults:3)
  6 ogre magi
  A queen ant (Lair:8)
  3 deep troll earth magi
  5 orc high priests (Orc:2)
  The ghost of Trampli the Grappler, a novice NaMo of Cheibriados (D:8)
  19 deep elf knights
  2 fire crabs
  3 shadow wraiths
  Nergalle (D:11)
  12 deep trolls
  6 shambling mangroves
  2 spriggan druids
  A giant orange brain (Vaults:2)
  14 swamp dragons
  A flayed ghost (Vaults:2)
  Pikel (D:7)
  A phantasmal warrior (Vaults:2)
  10 hill giants
  A harpy (shapeshifter) (Vaults:4)
  8 ironbrand convokers
  A wolf spider zombie (D:15)
  The ghost of WanderingOwl the Skirmisher, a novice DsBe of Trog (D:7)
  10 deep elf archers
  3 necromancers
  An orc sorcerer (Orc:1)
  29 wolf spiders
  42 deep elf magi
  A wizard (D:15)
  31 ugly things
  4 harpies
  13 hornets
  A manticore (D:11)
  An oklob plant (Lair:2)
  20 orb spiders
  14 orc knights
  5 cyclopes
  A moth of wrath (Spider:3)
  A centaur zombie (D:13)
  4 griffons
  6 black mambas
  A human skeleton (Vaults:1)
  A rust devil (D:14)
  19 elephants
  2 guardian serpents (shapeshifter)
  Maurice (Orc:2)
  10 vault sentinels
  Psyche (D:12)
  An orange demon (D:14)
  A kobold demonologist (D:10)
  2 gargoyles
  9 komodo dragons
  9 spiny frogs
  2 torpor snails
  3 rime drakes
  30 yaktaurs
  The ghost of Trampli the Carver, a novice HEBe of Trog (D:5)
  2 freezing wraiths
  13 demonic crawlers
  A red devil (D:14)
  8 polar bears
  11 trolls
  A troll (shapeshifter) (Vaults:4)
  31 jumping spiders
  12 giant leeches
  A wind drake (shapeshifter) (Vaults:1)
  An ettin zombie (Vaults:1)
  6 boulder beetles
  6 bog bodies
  11 slime creatures
  28 blink frogs
  7 two-headed ogres
  63 redbacks
  40 yaks
  20 tarantellas
  2 air elementals
  4 wraiths
  5 spriggans
  2 vampires
  4 wyverns
  A basilisk (shapeshifter) (Vaults:3)
  4 shadows
  5 water elementals
  2 fire elementals (Elf:1)
  A hog (shapeshifter) (Elf:1)
  4 basilisks
  4 hungry ghosts
  12 hippogriffs
  11 vampire mosquitoes
  Edmund (D:4)
  4 wargs
  18 swamp worms
  5 mottled dragons
  17 water moccasins
  A swamp worm (shapeshifter) (Vaults:1)
  16 soldier ants
  9 porcupines
  57 orc warriors
  Duvessa (D:6)
  2 sky beasts
  17 swamp drakes
  A slave (D:7)
  12 wasps
  5 black bears
  5 ice beasts
  2 human zombies (Vaults:1)
  A necrophage (D:10)
  12 wolves
  A boggart (D:15)
  38 ogres
  3 phantoms
  An elephant zombie (Lair:5)
  An orc zombie (Vaults:1)
  20 centaurs
  14 crocodiles
  6 big kobolds
  A wyvern zombie (D:10)
  20 giant frogs
  Dowan (D:6)
  A water moccasin zombie (D:11)
  5 killer bees (D:8)
  5 scorpions
  8 wights
  14 electric eels
  9 howler monkeys
  2 jellies
  4 crimson imps
  4 giant frog zombies
  A basilisk zombie (Lair:5)
  34 orc priests
  14 hounds
  4 iron imps (D:14)
  3 centaur skeletons
  2 giant frog skeletons
  11 iguanas
  42 worker ants
  36 orc wizards
  2 sheep (D:9)
  3 hound skeletons
  7 gnolls
  A howler monkey skeleton (D:6)
  18 adders
  57 river rats
  3 shadow imps
  A worker ant simulacrum (D:8)
  An ufetubus (D:8)
  5 worms
  A dart slug (D:2)
  An adder simulacrum (D:8)
  5 giant geckos
  152 orcs
  A giant cockroach (D:4)
  18 goblins
  12 hobgoblins
  8 jackals
  21 kobolds
  8 quokkas
  A ball python (D:2)
  4 bats
  2 giant gecko zombies
  6 giant newts
  2 quokka skeletons
  3 rats (D:2)
  A bush (Lair:1)
  5 plants
1695 creatures vanquished.

Vanquished Creatures (collateral kills)
  A redback (Spider:4)
  A white imp (D:8)
2 creatures vanquished.

Vanquished Creatures (others)
  A dancing weapon (Elf:2)
  An orc sorcerer (Elf:1)
  3 yaktaurs
  A tarantella (Spider:1)
  3 slaves (D:7)
  A worker ant (D:7)
  A centaur (D:7)
  4 howler monkeys (D:7)
  2 river rats (Lair:5)
  An adder zombie (D:7)
  4 orcs
  6 fungi
  3 plants
31 creatures vanquished.

Grand Total: 1728 creatures vanquished

Notes
Turn   | Place    | Note
--------------------------------------------------------------
     0 | D:1      | lorenzova the Spriggan Enchanter began the quest for the Orb.
     0 | D:1      | Reached XP level 1. HP: 9/9 MP: 5/5
   454 | D:1      | Reached XP level 2. HP: 13/13 MP: 7/7
   490 | D:1      | Learned a level 2 spell: Ensorcelled Hibernation
   955 | D:2      | Reached XP level 3. HP: 16/16 MP: 6/9
  1218 | D:2      | Found a shadowy altar of Dithmenos.
  1233 | D:2      | Became a worshipper of Dithmenos the Shadowed
  1398 | D:2      | Learned a level 3 spell: Confuse
  1451 | D:2      | Reached skill level 5 in Stealth
  1653 | D:2      | Reached XP level 4. HP: 21/21 MP: 11/11
  2347 | D:3      | Reached * piety under Dithmenos
  2809 | D:3      | Found a shattered altar of Ashenzari.
  2898 | D:3      | Reached XP level 5. HP: 24/24 MP: 12/12
  2981 | D:4      | Reached skill level 5 in Hexes
  2984 | D:4      | Reached skill level 6 in Stealth
  2984 | D:4      | Reached skill level 5 in Spellcasting
  3212 | D:4      | Noticed Edmund
  3243 | D:4      | Killed Edmund
  3243 | D:4      | Reached XP level 6. HP: 28/28 MP: 13/15
  3404 | D:4      | Found an opulent altar of Gozag.
  3416 | D:4      | Found a burning altar of Makhleb.
  3497 | D:4      | Found Cokoc's Assorted Antiques.
  3535 | D:4      | Found an iron altar of Okawaru.
  3536 | D:4      | Found a bloodstained altar of Trog.
  3623 | D:4      | Found a staircase to the Ecumenical Temple.
  3706 | D:5      | Entered Level 5 of the Dungeon
  3772 | D:5      | Reached XP level 7. HP: 24/32 MP: 6/17
  3819 | D:5      | Noticed Trampli's ghost (novice HEBe)
  3864 | D:5      | Killed Trampli's ghost
  3864 | D:5      | Reached skill level 7 in Stealth
  3908 | D:5      | Reached ** piety under Dithmenos
  4386 | D:5      | Reached XP level 8. HP: 16/36 MP: 18/20
  4878 | D:5      | Reached skill level 8 in Stealth
  5113 | D:6      | Found an ancient bone altar of Kikubaaqudgha.
  5883 | D:6      | Reached skill level 9 in Stealth
  6167 | D:6      | Reached *** piety under Dithmenos
  6338 | D:6      | Noticed Duvessa
  6338 | D:6      | Noticed Dowan
  6341 | D:6      | Killed Duvessa
  6341 | D:6      | Reached XP level 9. HP: 39/39 MP: 23/23
  6348 | D:6      | Killed Dowan
  6456 | D:6      | Reached skill level 10 in Hexes
  6834 | D:7      | Noticed Pikel
  6852 | D:7      | Killed Pikel
  6852 | D:7      | Reached skill level 10 in Stealth
  6852 | D:7      | Reached skill level 10 in Spellcasting
  6975 | D:7      | Reached skill level 1 in Fighting
  7173 | D:7      | Noticed a green ugly thing
  7180 | D:7      | Killed a green ugly thing
  7180 | D:7      | Reached XP level 10. HP: 46/46 MP: 25/25
  7186 | D:7      | Found an opulent altar of Gozag.
  7355 | D:7      | Reached **** piety under Dithmenos
  7481 | D:7      | Noticed WanderingOwl's ghost (novice DsBe)
  7498 | D:7      | Killed WanderingOwl's ghost
  7498 | D:7      | Reached skill level 5 in Dodging
  7574 | D:8      | Noticed a hill giant
  7650 | D:8      | Found an ancient bone altar of Kikubaaqudgha.
  7859 | D:8      | Reached skill level 11 in Stealth
  7866 | D:8      | Killed a hill giant
  7866 | D:8      | Reached skill level 5 in Short Blades
  8294 | D:8      | Noticed Trampli's ghost (novice NaMo)
  8322 | D:8      | Killed Trampli's ghost
  8589 | D:8      | Found a blossoming altar of Fedhas.
  9053 | D:9      | Reached skill level 12 in Stealth
  9053 | D:9      | Reached XP level 11. HP: 54/54 MP: 26/26
  9079 | D:9      | Noticed a three-headed hydra
  9083 | D:9      | Killed a three-headed hydra
  9083 | D:9      | Reached skill level 5 in Fighting
  9122 | D:9      | Reached ***** piety under Dithmenos
  9393 | D:9      | Found a basalt altar of Yredelemnul.
  9631 | D:9      | Found a glowing golden altar of the Shining One.
  9960 | D:10     | Entered Level 10 of the Dungeon
  9973 | D:10     | Found a bloodstained altar of Trog.
 10695 | D:10     | Noticed a hill giant
 10700 | D:10     | Noticed a hill giant
 10716 | D:10     | Killed a hill giant
 10725 | D:10     | Found a staircase to the Orcish Mines.
 10731 | D:10     | Killed a hill giant
 10740 | D:10     | Reached skill level 13 in Stealth
 11249 | D:10     | Noticed a centaur warrior
 11254 | D:10     | Killed a centaur warrior
 11638 | D:11     | Found a staircase to the Lair.
 11850 | D:11     | Reached XP level 12. HP: 36/62 MP: 23/27
 12098 | D:11     | Noticed Nergalle
 12118 | D:11     | Killed Nergalle
 12321 | D:11     | Reached ****** piety under Dithmenos
 12365 | D:11     | Reached skill level 10 in Short Blades
 12714 | D:12     | Reached skill level 10 in Dodging
 12735 | D:12     | Found a flagged portal.
 12747 | Bailey   | Entered a bailey
 13052 | Bailey   | Reached skill level 14 in Stealth
 13807 | D:12     | Noticed Psyche
 13813 | D:12     | Killed Psyche
 13911 | D:13     | Found a stormy altar of Qazlal.
 14186 | D:13     | Reached skill level 15 in Stealth
 14193 | D:13     | Noticed a centaur warrior
 14748 | D:13     | Killed a centaur warrior
 15096 | Lair:1   | Entered Level 1 of the Lair of Beasts
 15263 | Lair:1   | Reached skill level 16 in Stealth
 15658 | Lair:1   | Reached XP level 13. HP: 57/67 MP: 28/28
 16300 | Lair:2   | Got a spiked buckler
 16306 | Lair:2   | Identified the +2 buckler "Gecemufeam" {Int+2} (You found it on level 2 of the Lair of Beasts)
 16671 | Lair:1   | Learned a level 1 spell: Apportation
 16678 | Lair:1   | Learned a level 6 spell: Invisibility
 16794 | Lair:3   | Reached skill level 1 in Translocations
 17585 | Lair:4   | Reached skill level 1 in Shields
 17961 | Lair:4   | Reached skill level 5 in Translocations
 18621 | Lair:5   | Found a staircase to the Swamp.
 19438 | Lair:5   | Learned a level 2 spell: Blink
 19441 | Lair:5   | Learned a level 2 spell: Repel Missiles
 19445 | Lair:5   | Learned a level 3 spell: Mephitic Cloud
 19451 | Lair:5   | Reached skill level 17 in Stealth
 19817 | Lair:5   | Reached skill level 5 in Shields
 20381 | Lair:6   | Found a hole to the Spider Nest.
 20411 | Lair:6   | Got an ancient robe
 20487 | Lair:6   | Found a labyrinth entrance.
 20511 | Lab      | Entered a labyrinth
 21116 | Lab      | Noticed a minotaur
 21120 | Lab      | Killed a minotaur
 21134 | Lab      | Identified the +2 robe of Tartarus {rF- Str+4 Int+2} (You found it on level 6 of the Lair of Beasts)
 21301 | Lair:1   | Identified 2 scrolls of acquirement
 21333 | Lair:1   | Gained mutation: Your body sometimes deteriorates upon taking damage. [potion of mutation]
 21333 | Lair:1   | Gained mutation: Armour fits poorly on your strangely shaped body. [potion of mutation]
 21333 | Lair:1   | Gained mutation: You expend magic power (3 MP) to strengthen your wands. [potion of mutation]
 21334 | Lair:1   | Lost mutation: Armour fits poorly on your strangely shaped body. [potion of cure mutation]
 21334 | Lair:1   | Lost mutation: Your body sometimes deteriorates upon taking damage. [potion of cure mutation]
 21334 | Lair:1   | Lost mutation: You expend magic power (3 MP) to strengthen your wands. [potion of cure mutation]
 21335 | Lair:1   | Gained mutation: You are partially covered in iridescent scales (AC +4). [potion of mutation]
 21335 | Lair:1   | Gained mutation: You have large cloven feet. [potion of mutation]
 21335 | Lair:1   | Gained mutation: You are covered in fur (AC +1). [potion of mutation]
 21336 | Lair:1   | Gained mutation: You have a beak for a mouth. [potion of beneficial mutation]
 21992 | Lair:6   | Reached XP level 14. HP: 72/72 MP: 29/29
 22110 | Lair:6   | Noticed Nessos
 22117 | Lair:6   | Killed Nessos
 22496 | Lair:6   | Reached skill level 1 in Charms
 22705 | Lair:7   | Reached skill level 1 in Air Magic
 23958 | Lair:8   | Entered Level 8 of the Lair of Beasts
 23968 | Lair:8   | Found a staircase to the Slime Pits.
 23968 | Lair:8   | Found a viscous altar of Jiyva.
 24052 | Lair:8   | Noticed Snorg
 24060 | Lair:8   | Killed Snorg
 24086 | Lair:8   | Reached skill level 18 in Stealth
 24512 | Lair:8   | Reached skill level 5 in Charms
 24763 | Lair:8   | Noticed Philosophy's ghost (journeyman MiBe)
 24799 | Lair:8   | Killed Philosophy's ghost
 25363 | Lair:8   | Reached skill level 15 in Dodging
 25454 | Lair:8   | Reached XP level 15. HP: 75/75 MP: 16/30
 25509 | Lair:8   | Gained mutation: You are clumsy. (Dex -2) [mutagenic glow]
 25901 | Lair:1   | Got a translucent cloak
 25912 | Lair:1   | Identified the +2 cloak of Levity {rF- MR+ Str+8 Dex+3} (You acquired it on level 1 of the Lair of Beasts)
 26265 | Lair:1   | Learned a level 3 spell: Gell's Gravitas
 26372 | Orc:1    | Entered Level 1 of the Orcish Mines
 26797 | Orc:1    | Found a bloodstained altar of Trog.
 26984 | Orc:1    | Found Qurrahiy's Book Shoppe.
 27202 | Orc:2    | Entered Level 2 of the Orcish Mines
 27206 | Orc:2    | Noticed Maurice
 27225 | Orc:2    | Killed Maurice
 27424 | Orc:2    | Found Rawk's Armour Boutique.
 27469 | Orc:2    | Bought the cursed +0 robe "Ynlo Uvvi" {rPois MR+ Str+4} for 412 gold pieces
 27574 | Orc:2    | Found a staircase to the Elven Halls.
 28179 | Orc:2    | Reached skill level 5 in Air Magic
 28714 | Orc:2    | Found Oleaq's Armour Shoppe.
 28723 | Orc:2    | Found Oluggosa's Assorted Antiques.
 28724 | Orc:2    | Found Zunifuba's Food Shoppe.
 28724 | Orc:2    | Found Yxkargh's Assorted Antiques.
 28732 | Orc:2    | Bought a fluorescent wand for 140 gold pieces
 28732 | Orc:2    | Bought a scroll of enchant weapon for 262 gold pieces
 28732 | Orc:2    | Bought a scroll of teleportation for 105 gold pieces
 28784 | Elf:1    | Entered Level 1 of the Elven Halls
 28842 | Elf:1    | Noticed Louise
 28978 | Elf:1    | Killed Louise
 29304 | D:14     | Found a shattered altar of Ashenzari.
 29451 | D:14     | Found a corrupted altar of Lugonu.
 29953 | D:14     | Found a gate to the Vaults.
 29963 | D:14     | Reached skill level 10 in Charms
 30388 | D:15     | Entered Level 15 of the Dungeon
 30450 | D:15     | Found a blossoming altar of Fedhas.
 30459 | D:15     | Found an iron altar of Okawaru.
 30832 | D:15     | Noticed a tengu reaver
 30836 | D:15     | Killed a tengu reaver
 30836 | D:15     | Reached skill level 19 in Stealth
 30955 | D:15     | Found a staircase to the Depths.
 30970 | D:15     | Reached XP level 16. HP: 80/80 MP: 33/33
 31481 | Lair:1   | Learned a level 6 spell: Deflect Missiles
 31532 | Lair:1   | Reached XP level 17. HP: 84/84 MP: 34/34
 31639 | Spider:1 | Entered Level 1 of the Spider Nest
 32157 | Spider:1 | Noticed Agnes
 32165 | Spider:1 | Killed Agnes
 32553 | Spider:1 | Noticed Donald
 32560 | Spider:1 | Killed Donald
 35163 | Spider:4 | Entered Level 4 of the Spider Nest
 35195 | Spider:4 | Reached skill level 10 in Air Magic
 35916 | Spider:4 | Got a gossamer rune of Zot
 36056 | Spider:4 | Reached XP level 18. HP: 88/88 MP: 7/36
 36130 | Spider:4 | Reached skill level 20 in Stealth
 36143 | Spider:4 | Noticed Arachne
 37009 | Spider:4 | Killed Arachne
 37174 | Spider:4 | Reached skill level 15 in Hexes
 37654 | Swamp:1  | Entered Level 1 of the Swamp
 40315 | Swamp:4  | Entered Level 4 of the Swamp
 40916 | Swamp:3  | Reached skill level 15 in Spellcasting
 41538 | Swamp:3  | Gained mutation: You are frail (-10% HP). [mutagenic glow]
 42069 | Swamp:4  | Got a decaying rune of Zot
 42475 | Swamp:4  | Reached XP level 19. HP: 62/82 MP: 30/39
 43267 | Elf:1    | Found a radiant altar of Vehumet.
 44513 | Elf:2    | Found a runed gate.
 44513 | Elf:2    | Found a runed gate.
 44513 | Elf:2    | Found a runed gate.
 44528 | Elf:2    | Reached skill level 21 in Stealth
 45368 | Elf:3    | Entered Level 3 of the Elven Halls
 45402 | Elf:3    | Found a flickering gateway to a bazaar.
 45604 | Elf:3    | Found Det Safisk's General Store.
 45623 | Elf:3    | Bought a potion of heal wounds for 80 gold pieces
 45916 | D:10     | Got a distressingly furry animal skin
 45927 | D:10     | Identified the cursed +0 animal skin "Hikiul" {Str+2} (You took it off an orc on level 10 of the Dungeon)
 46096 | Vaults:1 | Entered Level 1 of the Vaults
 46240 | Vaults:1 | Reached skill level 1 in Poison Magic
 46300 | Vaults:1 | Reached skill level 1 in Conjurations
 46824 | Vaults:1 | Found Fanuyc's Magic Scroll Emporium.
 46833 | Vaults:1 | Bought a scroll of blinking for 82 gold pieces
 46833 | Vaults:1 | Bought a scroll of blinking for 82 gold pieces
 46833 | Vaults:1 | Bought a scroll of blinking for 82 gold pieces
 46839 | Vaults:1 | Found Elekhiti's Armour Emporium.
 47359 | Vaults:1 | Found a portal to a secret trove of treasure.
 47697 | Orc:2    | Bought an ice dragon hide for 600 gold pieces
 47946 | Vaults:1 | You paid a toll of a +4 ice dragon armour to enter a treasure trove
 47947 | Trove    | Entered a treasure trove
 47973 | Trove    | Got a warped ivory ring
 47992 | Trove    | Identified the ring "Jahiry" {rC+ Int+2 Stlth+} (You found it in a treasure trove)
 48507 | Vaults:2 | Found a staircase to the Crypt.
 48640 | Vaults:2 | Reached XP level 20. HP: 51/87 MP: 40/40
 49165 | Vaults:2 | Reached skill level 5 in Poison Magic
 50632 | Vaults:3 | Reached skill level 22 in Stealth
 50736 | Vaults:3 | Reached skill level 5 in Conjurations
 54263 | Vaults:4 | Reached XP level 21. HP: 75/90 MP: 38/41
 54339 | Vaults:4 | Reached skill level 23 in Stealth
 54607 | Vaults:4 | Slain by an Executioner

Skill      XL: |  1  2  3  4  5  6  7  8  9 10 11 12 13 14 15 16 17 18 19 20 21 |
---------------+----------------------------------------------------------------+-----
Spellcasting   | 3 4 5 6 7 9 10 12 13 15 | 15.3
Hexes          | 4 5 6 8 9 10 11 13 14 16 17 | 17.2
Stealth        | 5 6 7 9 10 12 13 16 17 18 19 20 21 22 23 | 23.0
Short Blades   | 3 6 9 10 | 10.1
Dodging        | 4 7 9 12 14 15 16 17 18 20 | 20.1
Fighting       | 2 4 6 7 |  7.2
Translocations | 6 9 |  9.2
Shields        | 6 7 |  7.0
Charms         | 6 11 | 11.2
Air Magic      | 4 6 8 10 11 12 | 12.7
Poison Magic   | 4 8 |  8.3
Conjurations   | 3 6 |  6.3

Action                   |  1- 3 |  4- 6 |  7- 9 | 10-12 | 13-15 | 16-18 | 19-21 || total
-------------------------+-------+-------+-------+-------+-------+-------+-------++-------
Melee: Dagger            |    59 |   156 |   376 |  1149 |   416 |       |       ||  2156
       Quick blade       |       |       |       |       |  1712 |  1902 |   784 ||  4398
       Peck              |       |       |       |       |   400 |   562 |   545 ||  1507
       Kick              |       |       |       |       |   618 |   864 |   782 ||  2264
       Cutlass           |       |       |       |       |       |       |   971 ||   971
 Cast: Corona            |     3 |       |       |       |       |       |       ||     3
       Ensorcelled Hiber |     9 |    21 |    23 |    27 |    92 |    30 |       ||   202
       Confuse           |       |     6 |    58 |   147 |   165 |   229 |   102 ||   707
       Invisibility      |       |       |       |       |     2 |     4 |     4 ||    10
       Apportation       |       |       |       |       |     1 |     1 |       ||     2
       Repel Missiles    |       |       |       |       |     1 |       |     1 ||     2
       Blink             |       |       |       |       |     1 |       |       ||     1
       Gell's Gravitas   |       |       |       |       |    14 |     9 |     6 ||    29
       Deflect Missiles  |       |       |       |       |       |     1 |     3 ||     4
 Abil: Evoke Flight      |       |       |       |       |       |     4 |     2 ||     6
Evoke: Wand              |       |       |       |       |     4 |     2 |       ||     6
  Use: Scroll            |       |     4 |     1 |    13 |    19 |    10 |    13 ||    60
       Potion            |       |       |       |       |     4 |     3 |     2 ||     9
 Stab: Sleeping          |    25 |    24 |    26 |    96 |   197 |    98 |   128 ||   594
       Distracted        |       |     1 |     5 |     8 |    17 |    12 |    11 ||    54
       Confused          |       |     7 |    25 |    83 |   100 |   135 |    61 ||   411
       Invisible         |       |       |       |       |    13 |    26 |    11 ||    50
  Eat: Bread ration      |       |     1 |       |       |     2 |     3 |     2 ||     8
       Pizza             |       |       |       |     1 |       |       |       ||     1
       Fruit             |       |       |       |    12 |     6 |       |     3 ||    21
       Royal jelly       |       |       |       |       |       |       |     3 ||     3
Armor: Robe              |     2 |    11 |    30 |    34 |    38 |    70 |    33 ||   218
       Animal skin       |       |       |       |       |       |       |     6 ||     6
Dodge: Dodged            |    28 |   112 |   308 |   599 |   800 |  1087 |   823 ||  3757
       Deflected         |       |       |       |       |     3 |     1 |    20 ||    24
Block: Other             |       |       |       |    46 |       |       |       ||    46
       Reflection        |       |       |       |     2 |    28 |     2 |    34 ||    66
       Buckler           |       |       |       |       |   616 |   730 |   635 ||  1981
